 Dungeon Crawl Stone Soup version 0.23.2-40-g277498a (webtiles) character file.

Game seed: 9718885039384403610

11368 ClockworkOrrery the Fighter (level 11, -6/73 HPs)
             Began as a Gargoyle Fighter on Oct 11, 2019.
             Was a High Priest of Okawaru.
             Mangled by Snorg (17 damage)
             ... on level 10 of the Dungeon.
             The game lasted 00:36:33 (11045 turns).

ClockworkOrrery the Fighter (Gargoyle Fighter)     Turns: 11045, Time: 00:36:33

Health: -6/73      AC: 16    Str: 21    XL:     11   Next: 76%
Magic:  23/23      EV: 12    Int: 11    God:    Okawaru [*****.]
Gold:   286        SH: 14    Dex:  9    Spells: 27/27 levels left

rFire    + . .     SeeInvis .   a - +9 staff of Olgreb {rPois}
rCold    . . .     Gourm    .   c - +0 shield
rNeg     + . .     Faith    .   N - +0 troll leather armour
rPois    ∞         Spirit   .   z - +0 helmet
rElec    +         Reflect  +   (no cloak)
rCorr    .         Harm     .   e - +0 pair of gloves
MR       .....                  (no boots)
Stlth    +.........             n - +3 amulet of reflection
HPRegen  0.62/turn              K - ring of protection from fire
MPRegen  0.18/turn              (no ring)

@: no status effects
A: negative energy resistance 1, electricity resistance, unbreathing,
petrification resistance, rot immunity, AC +8
a: Heroism, Finesse, Renounce Religion


You were on level 10 of the Dungeon.
You worshipped Okawaru.
Okawaru was extremely pleased with you.
You were not hungry.

You visited 2 branches of the dungeon, and saw 12 of its levels.
You also visited: Ossuary.

You collected 574 gold pieces.
You spent 288 gold pieces at shops.

Inventory:

Hand Weapons
 a - the +9 staff of Olgreb (weapon) {rPois}
   (You found it on level 7 of the Dungeon)

   It protects you from poison.
 L - a +0 vampiric halberd
Missiles
 j - 355 stones (quivered)
Armour
 c - a +0 shield (worn)
 e - a +0 pair of gloves (worn)
 w - a +0 robe
 z - a +0 helmet (worn)
 I - a +1 scale mail of poison resistance
 N - a +0 troll leather armour (worn)
Jewellery
 h - an uncursed amulet of magic regeneration
 n - a +3 amulet of reflection (around neck)
 x - an uncursed amulet of harm
 K - a ring of protection from fire (left hand)
Wands
 A - a wand of random effects (31)
 E - a wand of iceblast (8)
Scrolls
 b - 4 scrolls of enchant weapon
 k - 10 scrolls of identify
 l - a scroll of vulnerability {unknown}
 p - a scroll of magic mapping
 q - a scroll of blinking
 s - 8 scrolls of remove curse
 t - 5 scrolls of enchant armour
 u - a scroll of teleportation
 y - 2 scrolls of holy word {unknown}
 D - a scroll of amnesia
 G - 3 scrolls of noise {unknown}
Potions
 d - 2 potions of might
 g - 6 potions of curing {unknown}
 i - 3 potions of heal wounds {unknown}
 m - 2 potions of agility {unknown}
 r - 2 potions of brilliance {unknown}
 v - 2 potions of flight {unknown}
 B - 3 potions of lignification {unknown}
 C - a potion of ambrosia {unknown}
 F - 2 potions of cancellation {unknown}
 H - a potion of resistance {unknown}
 J - a potion of degeneration {unknown}
Comestibles
 f - 11 rations


   Skills:
 * Level 10.7 Fighting
   Level 6.0 Maces & Flails
 + Level 7.9 Armour
 + Level 5.3 Dodging
 + Level 8.0 Shields
 * Level 8.6 Spellcasting


You had 27 spell levels left.
You didn't know any spells.
Your spell library contained the following spells:

 Spells                   Type           Power        Failure   Level  Hunger
 Beastly Appendage        Tmut           #.....       38%         1    None
 Sticks to Snakes         Tmut           #.......     54%         2    #......
 Spider Form              Tmut/Pois      #.........   77%         3    ##.....
 Ice Form                 Ice/Tmut       #.......     99%         4    ####...
 Blade Hands              Tmut           #.........   100%        5    ######.


Dungeon Overview and Level Annotations

Branches:
Dungeon (11/15)            Temple (1/1) D:4
   Lair: D:8-11         Orc: D:9-12

Altars:
Ashenzari
Cheibriados
Dithmenos
Elyvilon
Fedhas
Gozag
Hepliaklqana
Kikubaaqudgha
Makhleb
Nemelex Xobeh
Okawaru
Qazlal
Ru
Sif Muna
Trog
Uskayaw
Vehumet
Wu Jian
Xom
Yredelemnul
The Shining One

Shops:
D:6 %   D:7 ?   D:8 ?

Annotations:
D:10 Snorg


Innate Abilities, Weirdness & Mutations

You are resistant to torment.
Your stone body is resilient. (AC +8)
You are immune to poison.
You resist negative energy. (rN+)
You are resistant to electric shocks. (rElec)
You can survive without breathing.
You are immune to petrification.
You are immune to rotting.


Message History

* * * LOW HITPOINT WARNING * * *
You block Snorg's attack. Snorg barely misses you. Snorg barely misses you.
Snorg misses you. You block Snorg's attack.
There is a stone staircase leading up here.
You can't go down here!
You block Snorg's attack. x2; Snorg claws you.
* * * LOW HITPOINT WARNING * * *
You climb upwards.
There is a stone staircase leading down here.
You hit Snorg.
Snorg looks as sick as possible!
Snorg is heavily wounded.
You block Snorg's attack. Snorg barely misses you. You block Snorg's attack.
Snorg misses you. You block Snorg's attack. Snorg completely misses you.
You sock Snorg!
Snorg looks as sick as possible!
Snorg is heavily wounded.
You block Snorg's attack. Snorg claws you but does no damage. x2
You sock Snorg!
Snorg looks as sick as possible!
Snorg is severely wounded.
Snorg bites you!
You die...

#.....# #.....# #.....#
#.....################
####.....................
#........................
#........................
#......................##
#......T@......#########
#..............#
######.........#
#.........#
#####.........#
#...>.........#
#.........#####
##.........# #..........#


You could see Snorg (berserk).

Vanquished Creatures
  Erica (D:8)
  An unseen horror (D:10)
  3 trolls (D:10)
  4 hippogriffs
  A wraith (D:10)
  Sigmund (D:3)
  12 yaks
  2 hungry ghosts
  Grum (D:9)
  5 soldier ants (D:7)
  2 water moccasins (D:7)
  An ice beast (D:9)
  5 sky beasts
  2 phantoms
  4 wolves (D:9)
  6 ogres
  2 black bears
  2 centaurs
  5 bullfrogs
  2 big kobolds
  10 scorpions
  15 killer bees
  5 howler monkeys
  5 crimson imps
  A centaur zombie (D:5)
  2 jellies
  5 human zombies (Ossuary)
  2 bullfrog zombies
  8 hounds
  6 orc priests
  9 orc wizards
  A gnoll shaman (D:7)
  2 iguanas (D:8)
  Ijyb (D:3)
  Natasha (thrice) (D:3)
  7 worker ants
  A big kobold zombie (Ossuary)
  2 hound zombies (D:8)
  3 hound skeletons
  3 mummies (Ossuary)
  A worker ant zombie (D:5)
  Robin (D:3)
  3 scorpion zombies (Ossuary)
  12 gnolls
  13 adders
  A shadow imp (D:8)
  An ooze (D:7)
  An adder skeleton (D:8)
  An adder zombie (D:9)
  3 worms
  A dart slug (D:5)
  6 leopard geckos
  36 orcs
  5 giant cockroaches
  2 gnoll zombies (Ossuary)
  10 goblins (D:3)
  6 hobgoblins
  13 kobolds
  A quokka (D:8)
  A ball python (D:3)
  7 bats
  5 frilled lizards
  A giant cockroach zombie (D:6)
  A hobgoblin zombie (Ossuary)
  3 kobold zombies (Ossuary)
  An orc zombie (Ossuary)
  A quokka skeleton (D:9)
  3 rats
293 creatures vanquished.

Vanquished Creatures (others)
  A kobold (D:7)
1 creature vanquished.

Grand Total: 294 creatures vanquished

Notes
Turn   | Place    | Note
-------+----------+-------------------------------------------
     0 | D:1      | ClockworkOrrery the Gargoyle Fighter began the quest for
                  | the Orb.
     0 | D:1      | Reached XP level 1. HP: 14/14 MP: 1/1
   141 | D:1      | Reached XP level 2. HP: 16/19 MP: 2/2
   954 | D:2      | Reached skill level 1 in Spellcasting
   954 | D:2      | Reached XP level 3. HP: 24/24 MP: 4/4
  1226 | D:3      | Noticed a hippogriff
  1240 | D:3      | Killed a hippogriff
  1240 | D:3      | Reached skill level 4 in Fighting
  1240 | D:3      | Reached skill level 1 in Dodging
  1240 | D:3      | Reached XP level 4. HP: 3/30 MP: 4/7
  1240 | D:3      | Reached XP level 5. HP: 3/34 MP: 4/8
  1744 | D:3      | Reached XP level 6. HP: 37/39 MP: 9/9
  1789 | D:3      | Noticed Sigmund
  1794 | D:3      | Killed Sigmund
  1832 | D:3      | Reached skill level 5 in Fighting
  1868 | D:3      | Noticed Natasha
  1924 | D:3      | Killed Natasha
  1924 | D:3      | Reached XP level 7. HP: 36/44 MP: 11/11
  2062 | D:3      | Noticed Robin
  2064 | D:3      | Noticed Ijyb
  2076 | D:3      | Killed Ijyb
  2087 | D:3      | Killed Robin
  2449 | D:3      | Found an iron altar of Okawaru.
  2457 | D:3      | Became a worshipper of Warmaster Okawaru
  2560 | D:3      | Noticed Natasha
  2569 | D:3      | Killed Natasha
  2744 | D:4      | Found a staircase to the Ecumenical Temple.
  2753 | Temple   | Entered the Ecumenical Temple
  3214 | D:3      | Noticed Natasha
  3221 | D:3      | Killed Natasha
  3714 | D:4      | Found a hazy altar of Hepliaklqana.
  3733 | D:4      | Found a burning altar of Makhleb.
  4059 | D:5      | Entered Level 5 of the Dungeon
  4066 | D:4      | Reached XP level 8. HP: 42/51 MP: 13/13
  4150 | D:5      | Reached * piety under Okawaru
  4150 | D:5      | Reached skill level 6 in Fighting
  4232 | D:5      | Found a glowing golden altar of the Shining One.
  4330 | D:5      | You fall through a shaft!
  4427 | D:5      | Reached skill level 5 in Armour
  4427 | D:5      | Reached skill level 5 in Shields
  5040 | D:6      | Found a glowing golden altar of the Shining One.
  5043 | D:6      | Found a blossoming altar of Fedhas.
  5046 | D:6      | Found a snail-covered altar of Cheibriados.
  5049 | D:6      | Found a deep blue altar of Sif Muna.
  5219 | D:6      | Reached ** piety under Okawaru
  5219 | D:6      | Reached skill level 7 in Fighting
  5219 | D:6      | Reached XP level 9. HP: 53/57 MP: 16/16
  5227 | D:6      | Found a sparkling altar of Nemelex Xobeh.
  5234 | D:6      | Reached skill level 5 in Spellcasting
  5331 | D:6      | Found a sacrificial altar of Ru.
  5403 | D:6      | Found Bicw's Food Emporium.
  5426 | D:6      | Found an opulent altar of Gozag.
  6316 | D:7      | Found a runed translucent gate.
  6318 | D:7      | Found the +9 staff of Olgreb {rPois}
  6375 | D:7      | Found a runed translucent door.
  6383 | D:7      | Found a runed translucent gate.
  6383 | D:7      | Found a runed translucent gate.
  6383 | D:7      | Found Zycor's Magic Scroll Emporium.
  6384 | D:7      | Found a runed translucent door.
  6394 | D:7      | Bought a scroll of enchant armour for 120 gold pieces
  6394 | D:7      | Bought a scroll of enchant weapon for 120 gold pieces
  6394 | D:7      | Bought a scroll of remove curse for 48 gold pieces
  6568 | D:7      | Reached skill level 8 in Fighting
  6579 | D:7      | Reached skill level 5 in Maces & Flails
  6601 | D:7      | Reached *** piety under Okawaru
  6641 | D:7      | Reached XP level 10. HP: 31/64 MP: 19/19
  7560 | D:8      | Found a sand-covered staircase.
  7569 | Ossuary  | Entered an ossuary
  7910 | Ossuary  | Reached **** piety under Okawaru
  7987 | Ossuary  | Reached skill level 9 in Fighting
  8178 | D:8      | Noticed Erica
  8194 | D:8      | Killed Erica
  8331 | D:8      | Found Dumur's Magic Scroll Shoppe.
  8714 | D:9      | Received a gift from Okawaru
  8747 | D:9      | Noticed Grum
  8784 | D:9      | Reached XP level 11. HP: 65/71 MP: 22/22
  8884 | D:9      | Killed Grum
  9269 | D:9      | Reached ***** piety under Okawaru
  9281 | D:9      | Reached skill level 10 in Fighting
  9554 | D:9      | Reached skill level 5 in Dodging
  9766 | D:9      | Found an ancient bone altar of Kikubaaqudgha.
  9767 | D:9      | Found a white marble altar of Elyvilon.
  9805 | D:10     | Entered Level 10 of the Dungeon
 10599 | D:10     | Killed an unseen horror
 10895 | D:10     | Received a gift from Okawaru
 11028 | D:11     | Noticed Snorg
 11045 | D:10     | Mangled by Snorg

Skill      XL: |  1  2  3  4  5  6  7  8  9 10 11 |
---------------+----------------------------------+-----
Spellcasting   | 1 2 3 4 6 7 8 |  8.6
Fighting       | 4 5 7 8 9 10 | 10.7
Dodging        | 1 2 3 4 5 |  5.3
Armour         | 4 5 6 7 |  7.9
Shields        | 4 5 6 7 8 |  8.0
Maces & Flails | 3 4 5 6 |  6.0

Action                   |  1- 3 |  4- 6 |  7- 9 | 10-12 || total
-------------------------+-------+-------+-------+-------++-------
Melee: Flail             |    83 |    62 |       |       ||   145
       Morningstar       |       |    10 |   565 |   120 ||   695
       Staff             |       |       |       |   610 ||   610
  Use: Scroll            |       |       |     5 |    11 ||    16
  Eat: Chunk             |     1 |     2 |    12 |    12 ||    27
       Ration            |       |       |     3 |     2 ||     5
Armor: Scale mail        |    50 |    22 |   293 |   280 ||   645
       Robe              |       |     5 |       |       ||     5
       Troll leather arm |       |       |       |    83 ||    83
Dodge: Dodged            |    29 |    33 |   196 |   297 ||   555
Block: Shield            |    53 |    34 |   343 |   571 ||  1001
       Reflection        |       |       |     8 |     3 ||    11
